 Dungeon Crawl Stone Soup version 0.19.5 (webtiles) character file.

27 DasRunzen the Ducker (level 2, -1/20 HPs)
             Began as a Minotaur Enchanter on May 17, 2017.
             Slain by a hobgoblin
             ... wielding a +0 club
              (5 damage)
             ... on level 2 of the Dungeon.
             The game lasted 00:02:41 (654 turns).

DasRunzen the Ducker (Minotaur Enchanter)            Turns: 654, Time: 00:02:42

Health: -1/20      AC:  4    Str: 12    XL:     2   Next: 93%
Magic:  3/3        EV: 12    Int: 12    God:
Gold:   35         SH:  0    Dex: 10    Spells: 1 memorised, 3 levels left

rFire  . . .     SeeInvis .     j - -3 hand axe (curse)
rCold  . . .     Gourm    .     b - +2 robe
rNeg   . . .     Faith    .     (no shield)
rPois  .         Spirit   .     (helmet unavailable)
rElec  .         Reflect  .     (no cloak)
rCorr  .         Harm     .     (no gloves)
MR     .....     Clarity  +     (no boots)
Stlth  ++........               (no amulet)
                                (no ring)
                                (no ring)

@: no status effects
A: retaliatory headbutt, horns 3, clarity, frail 1, slow regeneration 1
a: no special abilities


You were on level 2 of the Dungeon.
You were not hungry.

You visited 1 branch of the dungeon, and saw 2 of its levels.

You collected 35 gold pieces.

Inventory:

Hand Weapons
 a - a +1 dagger
 j - a cursed -3 hand axe (weapon)
Armour
 b - a +2 robe (worn)
Scrolls
 e - a scroll of magic mapping
Books
 c - a book of Maledictions

   Spells                             Type                      Level
   a - Corona                         Hexes                        1
   b - Ensorcelled Hibernation        Hexes/Ice                    2
   c - Confuse                        Hexes                        3
   d - Tukima's Dance                 Hexes                        3
   e - Dazzling Spray                 Conjuration/Hexes            3
Comestibles
 d - 2 bread rations
 h - 4 fruits


   Skills:
 + Level 1.4 Fighting
 - Level 1.2 Short Blades
 + Level 2.6 Dodging
 - Level 2.4 Stealth
 + Level 1.6 Spellcasting
 + Level 2.1 Hexes


You had 3 spell levels left.
You knew the following spells:

 Your Spells              Type           Power        Failure   Level  Hunger
a - Corona                Hex            #......      12%         1    ##.....


Dungeon Overview and Level Annotations

Branches:
Dungeon (2/15)

Altars:


Innate Abilities, Weirdness & Mutations

You reflexively headbutt those who attack you in melee.
You have a pair of large horns on your head.
You possess an exceptional clarity of mind.
You are frail. (-10% HP)
You regenerate slowly when monsters are visible.


Message History

No target in view!
No target in view!
No target in view!
The hobgoblin hits you but does no damage.
You hit the hobgoblin but do no damage. Your headbutt misses the hobgoblin.
The hobgoblin misses you.
You barely miss the hobgoblin. The hobgoblin hits you with a club.
You hit the hobgoblin.
The hobgoblin is heavily wounded.
The hobgoblin hits you with a club.
* * * LOW HITPOINT WARNING * * *
You are too injured to fight recklessly!
You are too injured to fight recklessly!
You are too injured to fight recklessly!
You are too injured to fight recklessly!
You are too injured to fight recklessly!
You hit the hobgoblin but do no damage.
The hobgoblin is heavily wounded.
The hobgoblin hits you with a club.
You die...

#.# #.. #.# #.# #.# #.#
#.# #.###### #.#
#.##...##### #####
#.####.##.......#
....###...........#...#
....##...###.#...#_# .
....)........###@.#..
....##...##### #.g...#
....###.## ###..##
##.## #.# .## #.# #.#
.# #.. ..# . ##.. .. #
... ....


You could see a hobgoblin.

Vanquished Creatures
  An adder (D:2)
  A bat (D:1)
  2 giant cockroaches (D:1)
  A goblin (D:2)
  3 hobgoblins (D:1)
  3 kobolds (D:1)
  A ball python (D:1)
  6 rats (D:1)
18 creatures vanquished.

Notes
Turn   | Place    | Note
-------+----------+-------------------------------------------
     0 | D:1      | DasRunzen the Minotaur Enchanter began the quest for the Orb.
     0 | D:1      | Reached XP level 1. HP: 14/14 MP: 1/1
   194 | D:1      | Reached XP level 2. HP: 21/22 MP: 1/3
   326 | D:1      | Reached skill level 1 in Fighting
   461 | D:1      | Gained mutation: Your body sometimes deteriorates upon taking damage. [potion of mutation]
   461 | D:1      | Gained mutation: You have a pair of large horns on your head. [potion of mutation]
   461 | D:1      | Gained mutation: You are frail. (-10% HP) [potion of mutation]
   462 | D:1      | Lost mutation: Your body sometimes deteriorates upon taking damage. [potion of mutation]
   462 | D:1      | Gained mutation: You regenerate slowly when monsters are visible. [potion of mutation]
   462 | D:1      | Gained mutation: You possess an exceptional clarity of mind. [potion of mutation]
   643 | D:2      | Found a faded altar of an unknown god.
   654 | D:2      | Slain by a hobgoblin

Skill      XL: |  1  2 |
---------------+-------+-----
Fighting       | 1 |  1.4
Short Blades   | |  1.2
Dodging        | |  2.6
Stealth        | |  2.4
Spellcasting   | |  1.6
Hexes          | |  2.1

Action                   || total
-------------------------++-------
Melee: Dagger            ||    33
       Headbutt          ||     6
       Hand axe          ||    14
  Use: Scroll            ||     3
       Potion            ||     2
 Stab: Sleeping          ||     3
Armor: Robe              ||    12
Dodge: Dodged            ||    26
